 Dungeon Crawl Stone Soup version 0.19.4-9-g45fd643 (webtiles) character file.

619399 Morrissey the Ruinous (level 26, -4/152 HPs)
             Began as a Deep Elf Conjurer on Feb 17, 2017.
             Was the Champion of Vehumet.
             Slain by an Orb Guardian (30 damage)
             ... on level 5 of the Realm of Zot on Feb 19, 2017.
             The game lasted 05:34:12 (95093 turns).

Morrissey the Ruinous (Deep Elf Conjurer)          Turns: 95093, Time: 05:34:13

Health: -4/152     AC: 16    Str: 11    XL:     26   Next: 99%
Magic:  21/54      EV: 28    Int: 40    God:    Vehumet [******]
Gold:   6451       SH:  0    Dex: 17    Spells: 15 memorised, 4 levels left

rFire  . . .     SeeInvis +     b - staff of conjuration
rCold  + + +     Gourm    .     y - +2 robe {MR+}
rNeg   + + .     Faith    .     (no shield)
rPois  .         Spirit   .     K - +2 helmet {SInv}
rElec  .         Reflect  .     o - +2 cloak of Iddosep {*Drain rC+++ rN++ Stlth-}
rCorr  .         Harm     .     n - +0 pair of gloves of Liberty {Int+4 Dex+2}
MR     +++..                    m - +2 pair of boots {run}
Stlth  ++++......               k - amulet of magic regeneration
                                G - +6 ring of strength
                                X - ring of Uchor {Int+3 Slay+1}

@: slowed, repel missiles, very slow
A: no striking features
a: Renounce Religion
}: 3/15 runes: decaying, serpentine, silver


You were on level 5 of the Realm of Zot.
You worshipped Vehumet.
Vehumet was exalted by your worship.
You were not hungry.

You visited 11 branches of the dungeon, and saw 53 of its levels.
You also visited: Labyrinth, Sewer and Ice Cave.

You collected 7202 gold pieces.
You spent 751 gold pieces at shops.

Inventory:

Armour
 m - a +2 pair of boots of running (worn)
 n - the +0 pair of gloves of Liberty (worn) {Int+4 Dex+2}
   (You found it on level 4 of the Lair of Beasts)

   It affects your intelligence (+4).
   It affects your dexterity (+2).
 o - the +2 cloak of Iddosep (worn) {*Drain rC+++ rN++ Stlth-}
   (You found it on level 3 of the Elven Halls)

   It renders you almost immune to cold.
   It greatly protects you from negative energy.
   It causes draining when unequipped.
   It makes you less stealthy.
 s - +0 fire dragon scales
 y - a +2 robe of magic resistance (worn)
 K - a +2 helmet of see invisible (worn)
 S - a +2 pair of boots of flying
Magical Staves
 a - an uncursed staff of power
 b - an uncursed staff of conjuration (weapon)
 f - an uncursed staff of death
 v - an uncursed staff of energy
Jewellery
 k - an amulet of magic regeneration (around neck)
 G - a +6 ring of strength (right hand)
 L - an uncursed ring of resist corrosion
 O - an uncursed ring of magical power
 W - a +3 amulet of reflection
 X - the ring of Uchor (left hand) {Int+3 Slay+1}
   (You took it off a deep elf demonologist on level 3 of the Elven Halls)

   [ring of slaying]

   It affects your intelligence (+3).
   It affects your accuracy and damage with ranged weapons and melee attacks
   (+1).
Wands
 l - a wand of teleportation (5/9)
 H - a wand of iceblast (8/15)
 I - a wand of teleportation (6/9)
 J - a wand of teleportation (5/9)
 P - a wand of lightning (6/15)
 V - a wand of iceblast (7/15)
Scrolls
 d - 2 scrolls of summoning
 e - 3 scrolls of magic mapping
 h - 8 scrolls of teleportation
 i - 21 scrolls of remove curse
 p - 9 scrolls of enchant weapon
 r - 8 scrolls of fear
 u - 10 scrolls of recharging
 x - 9 scrolls of identify
 A - 14 scrolls of amnesia
 B - 2 scrolls of enchant armour
 R - 3 scrolls of blinking
 Z - 2 scrolls of holy word
Potions
 g - 2 potions of resistance
 j - 14 potions of curing
 t - 8 potions of haste
 w - 4 potions of magic
 z - 3 potions of invisibility
 E - 2 potions of cancellation
 F - 10 potions of cure mutation
 Q - 7 potions of flight
 U - 5 potions of brilliance
Books
 C - a book of Party Tricks

   Spells                             Type                      Level
   a - Summon Butterflies             Summoning                    1
   b - Apportation                    Translocation                1
   c - Lesser Beckoning               Translocation                3
   d - Tukima's Dance                 Hexes                        3
   e - Alistair's Intoxication        Transmutation/Poison         5
   f - Invisibility                   Hexes                        6
 M - a book of Power

   Spells                             Type                      Level
   a - Fulminant Prism                Conjuration/Hexes            4
   b - Iskenderun's Mystic Blast      Conjuration                  4
   c - Venom Bolt                     Conjuration/Poison           5
   d - Bolt of Magma                  Conjuration/Fire/Earth       5
   e - Iron Shot                      Conjuration/Earth            6
   f - Orb of Destruction             Conjuration                  7
   g - Spellforged Servitor           Conjuration/Summoning        7
 N - the Disquisition on Dark Magic
   (You found it on level 3 of the Crypt)

   Spells                             Type                      Level
   a - Sublimation of Blood           Necromancy                   2
   b - Animate Dead                   Necromancy                   4
   c - Excruciating Wounds            Charms/Necromancy            5
   d - Dispel Undead                  Necromancy                   5
   e - Simulacrum                     Ice/Necromancy               6
   f - Necromutation                  Transmutation/Necromancy     8
 Y - the Incunabulum of Unholy Snow
   (You found it on level 3 of the Crypt)

   Spells                             Type                      Level
   a - Ensorcelled Hibernation        Hexes/Ice                    2
   b - Corpse Rot                     Necromancy                   2
   c - Bolt of Draining               Conjuration/Necromancy       5
   d - Death Channel                  Necromancy                   6
Comestibles
 c - 15 bread rations
 q - 6 chunks of flesh
 T - 34 fruits


   Skills:
 - Level 11.7 Fighting
 * Level 10.1 Armour
 - Level 20.4 Dodging
 - Level 10.0 Stealth
 - Level 25.0 Spellcasting
 - Level 26.4 Conjurations
 - Level 8.5 Charms
 - Level 9.1 Summonings
 - Level 13.5 Necromancy
 - Level 4.5 Transmutations
 - Level 21.2 Fire Magic
 - Level 8.9 Earth Magic


You had 4 spell levels left.
You knew the following spells:

 Your Spells              Type           Power        Failure   Level  Hunger
a - Magic Dart            Conj           ####         0%          1    None
b - Searing Ray           Conj           ######       0%          2    None
c - Iskenderun's Mystic   Conj           ########     0%          4    None
d - Fireball              Conj/Fire      #########.   0%          5    None
e - Iskenderun's Battles  Conj/Chrm      ########     0%          5    None
f - Bolt of Fire          Conj/Fire      #########.   0%          6    None
g - Spellforged Servitor  Conj/Summ      ########..   1%          7    None
h - Freezing Cloud        Conj/Ice/Air   ########..   1%          6    None
i - Iron Shot             Conj/Erth      ########..   1%          6    None
r - Repel Missiles        Chrm/Air       ######       1%          2    None
s - Fire Storm            Conj/Fire      #########.   1%          9    None
t - Conjure Flame         Conj/Fire      ########     0%          3    None
u - Dispel Undead         Necr           ########     1%          5    None
B - Blink                 Tloc           N/A          1%          2    None
N - Necromutation         Tmut/Necr      #######...   71%         8    None


Dungeon Overview and Level Annotations

Branches:
Dungeon (15/15)            Temple (1/1) D:5            Lair (6/6) D:8
  Swamp (4/4) Lair:4        Snake (4/4) Lair:2        Slime (0/5) Lair:5
    Orc (2/2) D:12            Elf (3/3) Orc:2        Vaults (5/5) D:13
  Crypt (3/3) Vaults:2       Tomb (0/3) Crypt:3      Depths (5/5) D:15
    Zot (5/5) Depths:5

Altars:
Ashenzari
Dithmenos
Elyvilon
Fedhas
Gozag
Hepliaklqana
Kikubaaqudgha
Makhleb
Nemelex Xobeh
Qazlal
Sif Muna
Trog
Vehumet
Xom
Yredelemnul
The Shining One
Beogh
Jiyva

Shops:
D:4 *   D:8 %   D:9 *   D:12 *   Orc:2 }%=(   Elf:1 (   Vaults:1 (   Vaults:4 :
Depths:2 [   Depths:3 :   Depths:4 }=}

Portals:
Hell: Depths:1 Depths:2 Depths:3 Depths:4 Depths:5
Abyss: Depths:2 Depths:4
Pandemonium: Depths:1 Depths:3
Ziggurat: Depths:3

Annotations:
D:2 exclusion: downstairs
D:3 Kosschaser's ghost, amateur HOBe
D:9 exclusion: downstairs
D:12 exclusion: downstairs
D:13 exclusion: downstairs
Snake:3 4 runed doors
Snake:4 1 exclusion
Crypt:1 exclusion: downstairs
Depths:5 3 exclusions
Zot:2 exclusion: upstairs
Zot:4 exclusion: upstairs
Zot:5 exclusion: upstairs


Message History

Found a broad axe.
An Orb Guardian comes into view.
The Orb Guardian closely misses you.
Casting: Iron Shot
Confirm with . or Enter, or press ? or * to list all spells.
Aiming: Iron Shot
Press: ? - help, Shift-Dir - straight line, f - Orb Guardian
Aim: an Orb Guardian You feel a surge of power!
The iron shot hits the Orb Guardian.
The Orb Guardian is severely wounded.
* * * LOW MAGIC WARNING * * *
The Orb Guardian hits you!!
* * * LOW HITPOINT WARNING * * *
The Orb Guardian completely misses you.
Your blink will be uncontrolled - continue anyway?
Okay, then.
The Orb Guardian hits you!!
* * * LOW HITPOINT WARNING * * *
The Orb Guardian hits you!!
You die...

,,,,,,,** *,,,,,,,,)X..,*
**,,, ,,,,,,**
**,,,,,,.....,,** **,,
,,,,,** *,,,,,,....,,,,,*
**,
*#####▓▓▓▓########.##******
▓▓## *...................#
#... *########...........#
#... #...........# #...
#......X....# ##'#
#.......@...####### #.#
#...........'.....#####.#
#...........#####........
############# #.#####.# #.#
#.# #.# #.# ##########
######'#####'# #........#
#.......#..... #........#
#.......#.....


You could see an Orb Guardian.

Vanquished Creatures
  An orb of fire (Zot:5)
  Mennas (Crypt:2)
  3 ancient liches
  Mara (Crypt:2)
  The ghost of cotteux the Slayer, a legendary GrBe of Trog (Zot:5)
  Sojobo (Depths:4)
  Boris (Crypt:1)
  The ghost of cotteux the Talismancer, a veteran DDFi of Trog (Vaults:5)
  Frederick (Depths:4)
  Saint Roka (Depths:1)
  2 Killer Klowns (Zot:5)
  A curse toe (Zot:5)
  2 caustic shrikes
  Jory (Vaults:3)
  3 golden dragons
  A bone dragon (Crypt:3)
  2 electric golems (Zot:5)
  6 liches
  12 tentacled monstrosities
  Rupert (Lair:3)
  Asterion (Vaults:1)
  4 titans (Vaults:5)
  An Orb Guardian (Zot:5)
  2 deep elf blademasters (Elf:3)
  5 quicksilver dragons
  5 sphinxes
  2 deep elf master archers (Elf:3)
  8 death cobs
  2 thorn hunters
  Kirke (Elf:1)
  7 storm dragons
  4 ancient champions
  6 shadow dragons
  5 tengu reavers
  3 revenants
  8 fire giants
  A draconian monk (Depths:5)
  5 iron dragons
  7 nagarajas
  A draconian scorcher (Zot:4)
  6 deep elf sorcerers
  An orc warlord (D:12)
  16 frost giants
  Aizul (Crypt:1)
  Louise (D:15)
  A cacodemon (Zot:5)
  15 vault wardens
  2 curse skulls (Crypt:3)
  9 ironheart preservers
  2 spriggan defenders
  2 ghost moths (Zot:5)
  4 deep elf elementalists
  13 ghouls
  An entropy weaver (Vaults:5)
  3 war gargoyles (Crypt:3)
  25 stone giants
  8 vampire knights
  18 very ugly things
  6 deep elf demonologists
  A green draconian (Zot:5)
  A black draconian (Depths:5)
  A red draconian (Depths:5)
  A purple draconian (Depths:5)
  A yellow draconian (Zot:4)
  7 eidola
  14 spark wasps
  10 deep elf annihilators
  11 deep elf death magi
  A crystal guardian (Vaults:2)
  16 ettins
  12 fire dragons
  Josephine (D:10)
  A minotaur (Lab)
  13 jiangshi
  A quicksilver dragon zombie (Crypt:3)
  17 yaktaur captains
  2 quicksilver dragon skeletons (Crypt:3)
  Erolcha (D:9)
  18 ogre magi
  10 great orbs of eyes
  4 ghost crabs
  Harold (Lair:4)
  16 hydras
  8 rakshasas
  The ghost of empire the Slicer, a journeyman DrMo of Nemelex Xobeh (D:10)
  3 deep elf high priests
  5 spriggan air magi
  13 ice dragons
  33 vault guards
  24 naga warriors
  The ghost of StylePro the Bewitcher, a journeyman SpEn of Dithmenos (D:13)
  A catoblepas (Lair:6)
  A ghost crab (shapeshifter) (Vaults:4)
  Erica (Lair:2)
  A satyr (shapeshifter) (Vaults:4)
  13 centaur warriors
  33 dancing weapons
  9 death yaks
  14 alligators
  7 anacondas
  7 deep troll shamans
  9 tengu warriors
  6 death knights
  2 queen ants (shapeshifter)
  10 vampire magi
  8 deep troll earth magi
  Urug (Lair:2)
  3 orc high priests (Orc:2)
  12 naga sharpshooters
  2 titan zombies (Crypt:3)
  21 deep elf knights
  A titan skeleton (Crypt:2)
  A storm dragon zombie (Crypt:2)
  Sonja (Lair:2)
  2 soul eaters
  5 small abominations
  2 spriggan berserkers
  6 shock serpents
  13 hell knights
  6 unseen horrors
  5 shadow wraiths
  24 skeletal warriors
  A storm dragon skeleton (Crypt:3)
  A golden dragon zombie (Crypt:3)
  3 spriggan druids
  2 deep trolls (shapeshifter)
  17 deep trolls
  7 glowing orange brains
  An anaconda zombie (Crypt:3)
  14 ironbrand convokers
  8 flayed ghosts
  6 naga ritualists (Snake:4)
  6 swamp dragons
  3 harpies (Vaults:2)
  2 lindwurms (Lair:6)
  A death drake (Swamp:4)
  2 shambling mangroves (Swamp:1)
  2 anaconda skeletons
  11 necromancers
  20 deep elf archers
  Pikel (D:4)
  10 hill giants
  8 wizards
  13 phantasmal warriors
  29 orc knights
  3 stone giant zombies
  2 tengu zombies
  3 mana vipers
  43 ugly things
  69 deep elf magi
  2 fire giant zombies
  A frost giant zombie (Vaults:2)
  9 wolf spiders
  4 manticores
  5 orc sorcerers
  5 cyclopes
  5 salamanders
  2 tengu skeletons
  8 moths of wrath
  An iron dragon skeleton (Crypt:2)
  3 stone giant skeletons
  7 guardian serpents
  2 shadow dragon skeletons
  An ice statue (IceCv)
  A guardian serpent (shapeshifter) (D:15)
  16 black mambas
  Maurice (D:13)
  A fire giant skeleton (Crypt:3)
  A frost giant skeleton (Depths:2)
  11 elephants
  14 naga magi
  4 centaur skeletons
  5 smoke demons (Crypt:3)
  2 black mambas (shapeshifter) (Vaults:2)
  A red draconian zombie (Crypt:2)
  13 spiny frogs
  24 vault sentinels
  6 gargoyles
  A death yak zombie (Crypt:2)
  A dire elephant skeleton (Crypt:3)
  A black draconian zombie (Crypt:2)
  3 swamp worm zombies (Swamp:4)
  5 rime drakes
  An efreet (D:13)
  A spriggan zombie (Depths:2)
  11 komodo dragons
  57 yaktaurs
  9 freezing wraiths
  A rime drake (shapeshifter) (D:14)
  5 red devils (Crypt:3)
  2 yaktaur skeletons
  A catoblepas skeleton (Crypt:2)
  8 tengu conjurers
  3 guardian mummies (Crypt:1)
  4 human skeletons
  5 hydra zombies
  16 polar bears
  A wolf spider simulacrum (Crypt:2)
  17 trolls
  7 tyrant leeches
  2 ettin zombies (Crypt:3)
  18 hornets
  A hornet (shapeshifter) (Vaults:1)
  13 blink frogs
  2 hydra skeletons (Crypt:3)
  A harpy skeleton (Crypt:2)
  39 two-headed ogres
  13 bog bodies
  3 spectral swamp dragons (Swamp:4)
  4 dream sheep (Lair:6)
  38 slime creatures
  An iron dragon simulacrum (Crypt:3)
  4 alligator zombies (Swamp:4)
  16 hippogriffs
  An ice dragon zombie (Crypt:3)
  6 shadows
  An ice dragon skeleton (Crypt:3)
  8 air elementals
  An ettin skeleton (Crypt:2)
  6 vampires (Crypt:3)
  A guardian serpent skeleton (Crypt:2)
  5 flying skulls (Crypt:1)
  14 spriggans
  2 yaks (shapeshifter)
  An alligator skeleton (Crypt:2)
  14 wraiths
  5 wyverns
  73 yaks
  A basilisk (Lair:1)
  5 water elementals
  5 fire elementals
  A fire bat (shapeshifter) (Depths:2)
  A golden eye (shapeshifter) (Vaults:3)
  8 large abominations (Depths:2)
  A steam dragon (shapeshifter) (Vaults:5)
  31 vampire mosquitoes
  A chaos spawn (Depths:2)
  3 hungry ghosts
  A steam dragon (Lair:3)
  A hog (Elf:1)
  9 wargs
  14 swamp worms
  16 insubstantial wisps
  An infernal demonspawn zombie (Crypt:1)
  61 nagas
  2 spiny frog zombies
  20 water moccasins
  A glowing shapeshifter zombie (Crypt:1)
  7 porcupines
  52 orc warriors
  2 black bears
  5 ice beasts
  6 phantoms (Swamp:4)
  A snapping turtle zombie (Crypt:3)
  6 swamp drakes
  4 sky beasts
  A slave (D:4)
  3 swamp dragon zombies (Swamp:4)
  10 necrophages
  28 wolves
  19 boggarts
  17 centaurs
  71 ogres
  A snapping turtle skeleton (Crypt:3)
  A rime drake zombie (Crypt:1)
  31 crocodiles
  3 big kobolds
  A yaktaur zombie (Crypt:2)
  9 bullfrogs
  2 earth elementals (Elf:2)
  A glowing shapeshifter simulacrum (Vaults:2)
  4 gnoll sergeants (D:12)
  2 wyvern zombies
  An elf skeleton (Crypt:1)
  A wyvern skeleton (D:9)
  5 scorpions
  28 killer bees
  17 wights
  8 howler monkeys
  2 electric eels
  4 lava snakes (Lab)
  2 bullfrog zombies
  8 crimson imps
  2 human zombies
  4 centaur zombies
  27 orc priests
  3 jellies
  27 orc wizards
  3 bullfrog skeletons
  11 hounds
  12 worker ants
  8 iguanas
  2 spectral swamp drakes (Swamp:4)
  A killer bee zombie (D:5)
  A deep dwarf skeleton (Crypt:1)
  2 hound skeletons
  3 mummies (Crypt:1)
  6 gnolls
  2 howler monkey skeletons (D:5)
  5 river rats
  A steam dragon zombie (Crypt:1)
  16 adders
  2 swamp drake zombies (Swamp:4)
  5 shadow imps
  12 white imps (D:15)
  An adder skeleton (Crypt:1)
  An adder zombie (D:9)
  A worm (D:2)
  A dart slug (D:1)
  A leopard gecko (D:4)
  125 orcs
  4 giant cockroaches
  7 goblins
  14 hobgoblins
  15 jackals
  2 quokkas
  5 ball pythons
  14 bats
  8 frilled lizards
  A frilled lizard zombie (Crypt:2)
  19 kobolds
  2 quokka skeletons
  12 rats
  A rat skeleton (Crypt:1)
  A bush (D:15)
  7 crawling corpses (Elf:3)
  2 fungi
  10 plants
  A withered plant (Crypt:3)
2583 creatures vanquished.

Vanquished Creatures (collateral kills)
  An orb of fire (Zot:4)
  A juggernaut (Depths:4)
  Nikola (Elf:3)
  A sphinx (Vaults:5)
  The ghost of Azzok the Severer, an adept DDEE of Makhleb (Snake:3)
  A tengu reaver (Depths:4)
  2 vault wardens
  An ironheart preserver (Vaults:3)
  A stone giant (Depths:1)
  A very ugly thing (Vaults:4)
  A green draconian (Zot:4)
  A slime creature (Vaults:1)
  A deep elf annihilator (Elf:3)
  A deep elf demonologist (Elf:3)
  A mottled draconian (Depths:5)
  A white draconian (Zot:4)
  A yellow draconian (Zot:4)
  2 yaktaur captains
  3 vault guards
  A death knight (Vaults:4)
  A skeletal warrior (Crypt:3)
  A deep troll (Vaults:3)
  A naga ritualist (Snake:2)
  A necromancer (Crypt:3)
  An iron dragon zombie (Crypt:3)
  A salamander (Snake:3)
  A deep elf mage (Elf:3)
  A fire giant zombie (Vaults:2)
  2 ugly things
  2 naga magi (Snake:3)
  An air elemental (Depths:4)
  A flying skull (Crypt:1)
  A shadow (Crypt:3)
  A wraith (Crypt:2)
  A naga (Snake:3)
  A phantom (Swamp:4)
  A boggart (Elf:1)
  A centaur (Depths:4)
  A mummy (Crypt:1)
  2 orcs
  A crawling corpse (Elf:3)
  A plant (Depths:5)
49 creatures vanquished.

Vanquished Creatures (others)
  A deep elf demonologist (Elf:3)
  An ogre mage (Vaults:3)
  A deep elf mage (Elf:3)
  3 moths of wrath (Zot:5)
  3 two-headed ogres (Vaults:3)
  A hornet (Swamp:4)
  A spriggan (Swamp:4)
  2 humans (Elf:1)
  4 ogres (Vaults:3)
  A ball lightning (Depths:2)
  2 bushes (Depths:4)
  2 crawling corpses (Elf:3)
  465 fire vortices
  14 fungi
  65 plants
  5 toadstools (D:1)
  57 withered plants (Crypt:3)
628 creatures vanquished.

Grand Total: 3260 creatures vanquished

Notes
Turn   | Place    | Note
-------+----------+-------------------------------------------
     0 | D:1      | Morrissey the Deep Elf Conjurer began the quest for the Orb.
     0 | D:1      | Reached XP level 1. HP: 10/10 MP: 6/6
   155 | D:1      | Reached XP level 2. HP: 15/15 MP: 5/8
   203 | D:1      | Learned a level 2 spell: Searing Ray
   407 | D:1      | Reached skill level 5 in Conjurations
   783 | D:2      | Reached XP level 3. HP: 19/19 MP: 3/10
   908 | D:2      | Found a white marble altar of Elyvilon.
  1219 | D:2      | Reached XP level 4. HP: 24/24 MP: 8/12
  1318 | D:2      | Learned a level 4 spell: Iskenderun's Mystic Blast
  1426 | D:2      | Found a shimmering altar of Xom.
  1426 | D:2      | Found a burning altar of Makhleb.
  1854 | D:3      | Reached skill level 6 in Conjurations
  1997 | D:3      | Noticed Kosschaser's ghost (amateur HOBe)
  2746 | D:4      | Found a glowing drain.
  2790 | Sewer    | Entered a sewer
  2918 | Sewer    | Reached XP level 5. HP: 28/28 MP: 1/13
  3023 | Sewer    | Learned a level 5 spell: Iskenderun's Battlesphere
  3405 | Sewer    | Reached skill level 1 in Charms
  3845 | D:4      | Found an opulent altar of Gozag.
  3847 | D:4      | Found Gozag's Platinum Reserve.
  3847 | D:4      | Noticed an ogre
  3852 | D:4      | Killed an ogre
  4123 | D:4      | Noticed a slave
  4125 | D:4      | Noticed Pikel
  4142 | D:4      | Killed a slave
  4206 | D:4      | Noticed a slave
  4206 | D:4      | Noticed a slave
  4250 | D:4      | Noticed a slave
  4271 | D:4      | Killed Pikel
  4271 | D:4      | Reached skill level 5 in Spellcasting
  4271 | D:4      | Reached skill level 7 in Conjurations
  4271 | D:4      | Reached skill level 5 in Charms
  4271 | D:4      | Reached XP level 6. HP: 32/32 MP: 0/16
  4271 | D:4      | Reached XP level 7. HP: 36/36 MP: 0/17
  4805 | D:5      | Entered Level 5 of the Dungeon
  4905 | D:5      | Reached skill level 8 in Conjurations
  5424 | D:5      | Reached XP level 8. HP: 41/41 MP: 13/19
  5499 | D:5      | Found a shadowy altar of Dithmenos.
  5674 | D:5      | Found a staircase to the Ecumenical Temple.
  5684 | Temple   | Entered the Ecumenical Temple
  5744 | Temple   | Became a worshipper of Vehumet
  6015 | D:5      | Reached skill level 9 in Conjurations
  6740 | D:6      | Reached * piety under Vehumet
  6740 | D:6      | Offered knowledge of Sandblast by Vehumet.
  6740 | D:6      | Reached skill level 10 in Conjurations
  7076 | D:6      | Reached XP level 9. HP: 45/45 MP: 9/23
  7813 | D:7      | Found a blossoming altar of Fedhas.
  7928 | D:7      | Reached skill level 11 in Conjurations
  8197 | D:7      | Offered knowledge of Throw Frost by Vehumet.
  8349 | D:7      | Reached ** piety under Vehumet
  8745 | D:7      | Found a burning altar of Makhleb.
  8968 | D:8      | Reached skill level 12 in Conjurations
  9123 | D:8      | Found Kokee's Food Shop.
  9218 | D:8      | Reached skill level 10 in Spellcasting
  9428 | D:9      | Reached XP level 10. HP: 39/50 MP: 5/26
  9778 | D:9      | Offered knowledge of Stone Arrow by Vehumet.
  9794 | D:9      | Reached *** piety under Vehumet
  9849 | D:9      | Noticed Erolcha
  9869 | D:9      | Killed Erolcha
  9869 | D:9      | Reached skill level 13 in Conjurations
 10294 | D:9      | Reached skill level 14 in Conjurations
 10501 | D:9      | Offered knowledge of Conjure Flame by Vehumet.
 10510 | D:9      | Learned a level 3 spell: Conjure Flame
 10514 | D:9      | Found Efaj's Assorted Antiques.
 10519 | D:9      | Bought a leatherbound book for 405 gold pieces
 10950 | D:10     | Entered Level 10 of the Dungeon
 10965 | D:10     | Noticed empire's ghost (journeyman DrMo)
 10970 | D:10     | Killed empire's ghost
 10970 | D:10     | Reached XP level 11. HP: 54/54 MP: 9/29
 11411 | D:10     | Reached skill level 5 in Dodging
 11492 | D:10     | Noticed a hill giant
 11494 | D:10     | Killed a hill giant
 11640 | D:10     | Noticed Josephine
 11646 | D:10     | Noticed a hill giant
 11647 | D:10     | Killed Josephine
 11984 | D:10     | Reached **** piety under Vehumet
 12589 | D:11     | Offered knowledge of Bolt of Draining by Vehumet.
 12712 | D:11     | Got an ancient battleaxe
 12713 | D:11     | Identified the cursed +2 battleaxe of a labyrinth {antimagic, rElec rN+ MP+9} (You found it on level 11 of the Dungeon)
 13066 | D:11     | Got a warped rapier
 13067 | D:11     | Identified the cursed +3 rapier "Kookapn" {pierce, Int+2} (You found it on level 11 of the Dungeon)
 13224 | D:11     | Found a runed door.
 13581 | D:11     | Noticed an orc knight
 13584 | D:11     | Killed an orc knight
 13717 | D:11     | Noticed an orc knight
 13720 | D:11     | Killed an orc knight
 13852 | D:11     | Found a roughly hewn altar of Beogh.
 14229 | D:8      | Reached ***** piety under Vehumet
 14235 | D:8      | Offered knowledge of Lee's Rapid Deconstruction by Vehumet.
 14534 | D:8      | Found a staircase to the Lair.
 14678 | D:8      | Found a basalt altar of Yredelemnul.
 14684 | D:8      | Found a bloodstained altar of Trog.
 14685 | D:8      | Found a shattered altar of Ashenzari.
 14754 | Lair:1   | Entered Level 1 of the Lair of Beasts
 14838 | Lair:1   | Reached skill level 10 in Dodging
 14838 | Lair:1   | Reached XP level 12. HP: 59/59 MP: 24/32
 14859 | Lair:1   | Reached skill level 1 in Fighting
 15507 | Lair:1   | Noticed an eight-headed hydra
 15511 | Lair:1   | Killed an eight-headed hydra
 16052 | Lair:2   | Reached skill level 5 in Fighting
 16421 | Lair:2   | Learned a level 5 spell: Lightning Bolt
 16557 | Lair:2   | Noticed Erica
 16562 | Lair:2   | Killed Erica
 16622 | Lair:2   | Noticed an eight-headed hydra
 16624 | Lair:2   | Killed an eight-headed hydra
 16784 | Lair:2   | Found a staircase to the Snake Pit.
 16787 | Lair:2   | Noticed Sonja
 16800 | Lair:2   | Killed Sonja
 16925 | Lair:2   | Learned a level 5 spell: Fireball
 16932 | Lair:2   | Learned a level 6 spell: Bolt of Fire
 16954 | Lair:2   | Reached skill level 1 in Fire Magic
 17132 | Lair:2   | Noticed Urug
 17137 | Lair:2   | Killed Urug
 17776 | Lair:3   | Noticed Rupert
 17801 | Lair:3   | Killed Rupert
 17801 | Lair:3   | Reached skill level 5 in Fire Magic
 17801 | Lair:3   | Reached XP level 13. HP: 78/78 MP: 16/33
 18513 | Lair:3   | Offered knowledge of Irradiate by Vehumet.
 18610 | Lair:4   | Found a staircase to the Swamp.
 18744 | Lair:4   | Found a labyrinth entrance.
 18759 | Lab      | Entered a labyrinth
 19220 | Lab      | Noticed a minotaur
 19224 | Lab      | Killed a minotaur
 19233 | Lab      | Identified Sif Muna's Handbook of Earth
 19572 | Lair:4   | Got a pair of crude gloves
 19578 | Lair:4   | Identified the +0 pair of gloves of Liberty {Int+4 Dex+2} (You found it on level 4 of the Lair of Beasts)
 19690 | Lair:4   | Noticed Harold
 19698 | Lair:4   | Killed Harold
 19850 | Lair:4   | Got a scorched trident
 19851 | Lair:4   | Identified the +8 trident of Eskyk {flame, *Slow rElec rPois Dex+2} (You found it on level 4 of the Lair of Beasts)
 20341 | Lair:5   | Found a viscous altar of Jiyva.
 20341 | Lair:5   | Found a staircase to the Slime Pits.
 20638 | Lair:5   | Found a blossoming altar of Fedhas.
 21457 | Lair:6   | Entered Level 6 of the Lair of Beasts
 22124 | Lair:6   | Reached skill level 10 in Fire Magic
 22350 | Lair:6   | Identified a scroll of acquirement
 22350 | Lair:6   | Identified the Grimoire of Harmful Transmutation (You acquired it on level 6 of the Lair of Beasts)
 23047 | Lair:6   | Reached XP level 14. HP: 86/86 MP: 16/34
 23900 | Lair:6   | Reached skill level 15 in Spellcasting
 24025 | Lair:6   | Got a wavering brass amulet
 24027 | Lair:6   | Identified the amulet "Vureir" {Faith rC+ Str-4 Slay+3} (You found it on level 6 of the Lair of Beasts)
 24357 | Lair:6   | Reached skill level 15 in Conjurations
 25184 | D:12     | Found Ymoetyv's Assorted Antiques.
 25204 | D:12     | Bought a pair of glowing boots for 346 gold pieces
 25209 | D:12     | Identified a +1 pair of boots of running (You bought it in a shop on level 12 of the Dungeon)
 25273 | D:12     | Found a staircase to the Orcish Mines.
 25278 | D:12     | Reached ****** piety under Vehumet
 26263 | Orc:1    | Entered Level 1 of the Orcish Mines
 26371 | Orc:1    | Noticed an orc warlord
 26374 | Orc:1    | Offered knowledge of Bolt of Cold by Vehumet.
 26502 | D:12     | Killed an orc warlord
 27071 | Orc:1    | Found a roughly hewn altar of Beogh.
 27693 | Orc:2    | Entered Level 2 of the Orcish Mines
 27866 | Orc:2    | Found a staircase to the Elven Halls.
 28600 | Orc:2    | Offered knowledge of Poisonous Cloud by Vehumet.
 28603 | Orc:2    | Reached XP level 15. HP: 85/91 MP: 25/37
 28729 | Orc:2    | Found Ustrez's Weapon Shoppe.
 28729 | Orc:2    | Found Ampezoys's Gadget Shop.
 28731 | Orc:2    | Found Cifeth's Jewellery Shoppe.
 28731 | Orc:2    | Found Fapso's Food Shop.
 29273 | D:13     | Found a gate to the Vaults.
 29776 | D:13     | Noticed Maurice
 29777 | D:13     | Noticed StylePro's ghost (journeyman SpEn)
 29780 | D:13     | Killed Maurice
 29781 | D:13     | Killed StylePro's ghost
 29785 | D:13     | Reached skill level 16 in Conjurations
 30545 | D:14     | Offered knowledge of Ozocubu's Refrigeration by Vehumet.
 31937 | D:15     | Entered Level 15 of the Dungeon
 32125 | D:15     | Found a staircase to the Depths.
 32203 | D:15     | Noticed Louise
 32209 | D:15     | Killed Louise
 32289 | D:15     | Offered knowledge of Spellforged Servitor by Vehumet.
 32301 | D:15     | Learned a level 7 spell: Spellforged Servitor
 32314 | D:15     | Found a frozen archway.
 32323 | IceCv    | Entered an ice cave
 32636 | IceCv    | Reached skill level 1 in Summonings
 33285 | IceCv    | Noticed a frost giant
 33390 | IceCv    | Killed a frost giant
 33545 | IceCv    | Identified the Reference Book on Ice
 34149 | D:15     | Reached XP level 16. HP: 96/96 MP: 27/39
 34149 | D:15     | Reached skill level 5 in Summonings
 35233 | Snake:1  | Entered Level 1 of the Snake Pit
 35702 | Snake:1  | Offered knowledge of Freezing Cloud by Vehumet.
 35702 | Snake:1  | Reached skill level 17 in Conjurations
 36762 | Snake:2  | Learned a level 6 spell: Freezing Cloud
 38518 | Snake:3  | Noticed Azzok's ghost (adept DDEE)
 38942 | Snake:3  | Killed Azzok's ghost
 39533 | Snake:3  | Found a runed door.
 40011 | Snake:3  | Found a runed gate.
 40011 | Snake:3  | Found a runed gate.
 40011 | Snake:3  | Found a runed gate.
 40123 | Snake:4  | Entered Level 4 of the Snake Pit
 41743 | Snake:4  | Offered knowledge of Fire Storm by Vehumet.
 41743 | Snake:4  | Offered knowledge of Glaciate by Vehumet.
 41743 | Snake:4  | Offered knowledge of Chain Lightning by Vehumet.
 41743 | Snake:4  | Reached XP level 17. HP: 100/100 MP: 41/41
 41810 | Snake:4  | Learned a level 9 spell: Fire Storm
 42323 | Snake:4  | Reached skill level 18 in Conjurations
 42375 | Snake:4  | Reached skill level 15 in Fire Magic
 43712 | Snake:4  | Got a serpentine rune of Zot
 44041 | Swamp:1  | Entered Level 1 of the Swamp
 44349 | Swamp:1  | Reached skill level 19 in Conjurations
 46829 | Swamp:3  | Reached XP level 18. HP: 106/106 MP: 36/42
 47337 | Swamp:3  | Reached skill level 20 in Conjurations
 47560 | Swamp:4  | Entered Level 4 of the Swamp
 50201 | Swamp:4  | Noticed a bone dragon
 50557 | Swamp:4  | Got a decaying rune of Zot
 50918 | D:8      | Learned a level 6 spell: Iron Shot
 51112 | Vaults:1 | Entered Level 1 of the Vaults
 51333 | Vaults:1 | Found Zicroup's Antique Weapon Shop.
 51565 | Vaults:1 | Reached skill level 21 in Conjurations
 51644 | Vaults:1 | Noticed Asterion
 51649 | Vaults:1 | Killed Asterion
 53708 | Vaults:2 | Reached XP level 19. HP: 106/110 MP: 34/43
 54407 | Vaults:2 | Reached skill level 22 in Conjurations
 56301 | Vaults:2 | Found a staircase to the Crypt.
 56469 | Vaults:2 | Reached skill level 23 in Conjurations
 56853 | Vaults:3 | Noticed Jory
 56867 | Vaults:3 | Killed Jory
 57547 | Vaults:3 | Reached XP level 20. HP: 116/116 MP: 39/44
 58594 | Vaults:3 | Reached skill level 24 in Conjurations
 60266 | Vaults:4 | Found Qimyissi's Book Shoppe.
 61209 | Vaults:4 | Identified the Almanac of Too Many Cooks
 61235 | Vaults:4 | Learned a level 2 spell: Repel Missiles
 62579 | Elf:1    | Entered Level 1 of the Elven Halls
 62922 | Elf:1    | Reached skill level 25 in Conjurations
 62938 | Elf:1    | Noticed Kirke
 62939 | Elf:1    | Killed Kirke
 63101 | Elf:1    | Reached XP level 21. HP: 120/120 MP: 32/45
 63161 | Elf:1    | Found Jiumn's Weapon Emporium.
 64695 | Elf:2    | Found a runed gate.
 64695 | Elf:2    | Found a runed gate.
 64704 | Elf:2    | Found a runed gate.
 65664 | Elf:3    | Entered Level 3 of the Elven Halls
 65986 | Elf:3    | Reached skill level 26 in Conjurations
 66258 | Elf:3    | Noticed Nikola
 66260 | Elf:3    | Killed Nikola
 66699 | Elf:3    | Got a heavily runed glass ring
 66803 | Elf:3    | Identified the ring of Uchor {Int+3 Slay+1} (You took it off a deep elf demonologist on level 3 of the Elven Halls)
 66808 | Elf:3    | Learned a level 2 spell: Blink
 66827 | Elf:3    | Identified the Compendium of Unholy Calling
 66835 | Elf:3    | Got a pitted cloak
 66846 | Elf:3    | Identified the +2 cloak of Iddosep {*Drain rC+++ rN++ Stlth-} (You found it on level 3 of the Elven Halls)
 66857 | Elf:3    | Identified the Tome of Talismans and Transmigration
 66871 | Elf:3    | Identified the Reference Book on Weightlessness and the Rocks
 66962 | Elf:3    | Got a jewelled leather armour
 66975 | Elf:3    | Identified the +2 leather armour of the Accordion {Dex+3} (You took it off a deep elf annihilator on level 3 of the Elven Halls)
 67128 | Elf:3    | Reached XP level 22. HP: 116/125 MP: 18/47
 67704 | Vaults:2 | Identified a +2 rod of ignition (13/13) (You took it off a deep elf death mage on level 3 of the Elven Halls)
 67933 | Crypt:1  | Entered Level 1 of the Crypt
 68371 | Depths:1 | Entered Level 1 of the Depths
 69429 | Depths:1 | Noticed Saint Roka
 69432 | Depths:1 | Killed Saint Roka
 69580 | Depths:1 | Found a gateway to Hell.
 69708 | Depths:1 | Found a one-way gate leading to the halls of Pandemonium.
 70440 | Depths:2 | Reached skill level 5 in Stealth
 71360 | Depths:2 | Found Tadgh's Armour Shop.
 71841 | Depths:2 | Found a one-way gate to the infinite horrors of the Abyss.
 72157 | Depths:3 | Found Xodghuik's One-of-a-Kind Books.
 73018 | Depths:2 | Reached skill level 10 in Stealth
 73245 | Depths:2 | Reached XP level 23. HP: 37/130 MP: 1/49
 73774 | Depths:3 | Found a shattered altar of Ashenzari.
 74071 | Depths:3 | Found a gateway to a ziggurat.
 74396 | Depths:3 | Reached skill level 10 in Fighting
 74876 | Depths:3 | Noticed a caustic shrike
 74880 | Depths:3 | Killed a caustic shrike
 75175 | Depths:4 | Noticed Sojobo
 75395 | Depths:4 | Noticed Frederick
 75400 | Depths:4 | Killed Frederick
 75792 | Depths:4 | Killed Sojobo
 75989 | Depths:4 | Noticed a caustic shrike
 75995 | Depths:4 | Killed a caustic shrike
 75995 | Depths:4 | Reached skill level 15 in Dodging
 76059 | Depths:4 | Noticed a juggernaut
 76061 | Depths:4 | Killed a juggernaut
 76626 | Depths:4 | Found Wipto's Gadget Boutique.
 76626 | Depths:4 | Found Mauckaq's Jewellery Shoppe.
 76627 | Depths:4 | Found Ivoxziwoige's Gadget Boutique.
 77011 | Depths:5 | Entered Level 5 of the Depths
 77801 | Depths:5 | Found a gate to the Realm of Zot.
 77936 | Depths:5 | Reached XP level 24. HP: 91/141 MP: 5/49
 79888 | Crypt:1  | Noticed Boris
 79894 | Crypt:1  | Killed Boris
 80328 | Crypt:1  | Noticed Aizul
 80331 | Crypt:1  | Killed Aizul
 80609 | Crypt:2  | Noticed Mara
 81240 | Crypt:2  | Noticed Morrissey's illusion
 81497 | Crypt:2  | Noticed Mennas
 81975 | Crypt:2  | Killed Mara
 82191 | Crypt:2  | Reached skill level 1 in Earth Magic
 82611 | Crypt:2  | Killed Mennas
 82611 | Crypt:2  | Reached skill level 5 in Earth Magic
 83339 | Crypt:3  | Entered Level 3 of the Crypt
 84051 | Crypt:3  | Identified the Disquisition on Dark Magic
 84539 | Crypt:3  | Identified the Incunabulum of Unholy Snow
 84576 | Crypt:3  | Learned a level 5 spell: Dispel Undead
 84635 | Crypt:3  | Found a staircase to the Tomb.
 84692 | Crypt:3  | Reached skill level 1 in Necromancy
 85034 | Crypt:3  | Reached XP level 25. HP: 89/146 MP: 25/50
 85801 | Crypt:3  | Got a heavily runed pewter ring
 85805 | Crypt:3  | Identified the ring "Genoaheuf" {-Tele rF+ rN+ Dex+6} (You took it off a hell knight on level 3 of the Crypt)
 85821 | Crypt:3  | Reached skill level 5 in Necromancy
 86089 | Crypt:3  | Found an ancient bone altar of Kikubaaqudgha.
 86099 | Crypt:3  | Noticed an ancient lich
 86110 | Crypt:3  | Killed an ancient lich
 87310 | Vaults:5 | Entered Level 5 of the Vaults
 87339 | Vaults:5 | Reached skill level 10 in Necromancy
 87985 | Vaults:5 | Noticed cotteux's ghost (veteran DDFi)
 87991 | Vaults:5 | Killed cotteux's ghost
 88694 | Vaults:5 | Got a silver rune of Zot
 88874 | Vaults:5 | Noticed an ancient lich
 88876 | Vaults:5 | Killed an ancient lich
 88901 | Vaults:5 | Reached XP level 26. HP: 121/152 MP: 25/52
 89334 | Vaults:5 | Got a clouded amethyst amulet
 89335 | Vaults:5 | Identified the amulet of Geoz {+Rage rElec Str+3 Int+2} (You took it off a vault sentinel on level 5 of the Vaults)
 89903 | Vaults:5 | Learned a level 8 spell: Necromutation
 90486 | Zot:1    | Entered Level 1 of the Realm of Zot
 90516 | Zot:1    | Reached skill level 1 in Transmutations
 91072 | Vaults:5 | Got a warped steel ring
 91076 | Vaults:5 | Identified the ring "Wanekki" {-Tele MP+9 Str+4} (You took it off a vault guard on level 5 of the Vaults)
 92531 | Depths:5 | Reached skill level 1 in Armour
 92932 | Zot:3    | Identified the Catalogue of Dusty Talismans
 93040 | Zot:4    | Noticed an orb of fire
 93065 | Zot:4    | Killed an orb of fire
 93179 | Zot:4    | Reached skill level 5 in Armour
 93793 | Zot:5    | Entered Level 5 of the Realm of Zot
 93796 | Zot:5    | Noticed cotteux's ghost (legendary GrBe)
 93802 | Zot:5    | Killed cotteux's ghost
 93991 | Zot:5    | Noticed an ancient lich
 93994 | Zot:5    | Killed an ancient lich
 94434 | Zot:5    | Noticed an orb of fire
 94439 | Zot:5    | Killed an orb of fire
 95084 | Zot:5    | Reached skill level 10 in Armour
 95093 | Zot:5    | Slain by an Orb Guardian

Skill      XL: |  1  2  3  4  5  6  7  8  9 10 11 12 13 14 15 16 17 18 19 20 21 22 23 24 25 26 |
---------------+-------------------------------------------------------------------------------+-----
Conjurations   | 5 6 7 8 10 12 14 15 16 17 19 21 23 25 26 | 26.4
Spellcasting   | 4 5 6 8 10 12 14 16 17 18 19 20 21 23 25 | 25.0
Charms         | 5 7 8 |  8.5
Dodging        | 3 10 13 17 20 | 20.4
Fighting       | 8 9 11 | 11.7
Fire Magic     | 5 10 12 13 14 16 17 18 19 20 21 | 21.2
Summonings     | 4 9 |  9.1
Stealth        | 10 | 10.0
Earth Magic    | 8 |  8.9
Necromancy     | 3 12 13 | 13.5
Transmutations | 4 |  4.5
Armour         | 10 | 10.1

Action                   |  1- 3 |  4- 6 |  7- 9 | 10-12 | 13-15 | 16-18 | 19-21 | 22-24 | 25-27 || total
-------------------------+-------+-------+-------+-------+-------+-------+-------+-------+-------++-------
Melee: Unarmed           |       |     6 |       |       |       |       |       |       |       ||     6
       Whip              |       |       |     6 |     1 |       |       |       |       |       ||     7
       Dagger            |       |       |       |     2 |       |       |       |       |       ||     2
       Rapier            |       |       |       |     5 |       |       |       |       |       ||     5
       Trident           |       |       |       |       |    75 |       |       |       |       ||    75
       Staff             |       |       |       |       |       |     4 |     4 |     1 |     2 ||    11
 Cast: Magic Dart        |    75 |    85 |   144 |   208 |    28 |     9 |       |       |       ||   549
       Iskenderun's Myst |       |    13 |   104 |   164 |   429 |    78 |    17 |    23 |    11 ||   839
       Searing Ray       |       |     6 |     4 |       |       |       |       |       |       ||    10
       Iskenderun's Batt |       |       |     8 |    55 |    17 |       |       |       |       ||    80
       Bolt of Fire      |       |       |       |     8 |   178 |   623 |   385 |   377 |   201 ||  1772
       Fireball          |       |       |       |     5 |    59 |    78 |     6 |     2 |     3 ||   153
       Lightning Bolt    |       |       |       |     3 |       |       |       |       |       ||     3
       Spellforged Servi |       |       |       |       |       |    14 |       |     1 |     3 ||    18
       Freezing Cloud    |       |       |       |       |       |    12 |     3 |     3 |     2 ||    20
       Fire Storm        |       |       |       |       |       |    23 |    89 |   143 |    48 ||   303
       Iron Shot         |       |       |       |       |       |     2 |   100 |   223 |   187 ||   512
       Repel Missiles    |       |       |       |       |       |       |     1 |     1 |     1 ||     3
       Dispel Undead     |       |       |       |       |       |       |       |     2 |    19 ||    21
Evoke: Wand              |       |       |     1 |     2 |     9 |     3 |     1 |     3 |     1 ||    20
       Staff of energy   |       |       |       |       |       |       |       |     1 |       ||     1
  Use: Scroll            |       |       |    12 |    15 |    16 |    15 |     9 |     7 |    11 ||    85
       Potion            |       |       |       |     1 |     4 |     9 |       |       |     4 ||    18
  Eat: Chunk             |       |    10 |    21 |    15 |    35 |    11 |     4 |     5 |     2 ||   103
       Meat ration       |       |     1 |       |     3 |     5 |     7 |     6 |     3 |     2 ||    27
       Pizza             |       |       |       |       |     1 |     3 |     5 |     2 |       ||    11
       Royal jelly       |       |       |       |       |       |     1 |       |       |       ||     1
       Beef jerky        |       |       |       |       |       |     5 |       |     1 |     1 ||     7
       Fruit             |       |       |       |       |       |       |     2 |     1 |       ||     3
       Bread ration      |       |       |       |       |       |       |     2 |     5 |     3 ||    10
Armor: Robe              |     1 |     1 |    11 |     5 |    27 |    28 |     6 |    20 |     6 ||   105
Dodge: Dodged            |     4 |    16 |    42 |    56 |   192 |    88 |    49 |   102 |    70 ||   619
       Deflected         |       |       |       |       |       |       |     5 |     7 |     7 ||    19
Block: Other             |       |       |       |       |     2 |       |       |       |       ||     2
       Reflection        |       |       |       |       |     1 |       |       |       |       ||     1
